 Dungeon Crawl Stone Soup version 0.31.0-9-g3a7656b989 (webtiles) character file.

Game seed: 12812564559451453880

529 qw the Ducker (level 7, -2/35 HPs)
             Began as a Spriggan Hunter on Feb 2, 2024.
             Was a Follower of Okawaru.
             Slain by a sleepcap (14 damage)
             ... on level 6 of the Dungeon.
             The game lasted 00:00:15 (3610 turns).

qw the Ducker (Spriggan Hunter)                     Turns: 3610, Time: 00:00:15

Health: -2/35      AC:  3    Str:  7    XL:     7   Next: 3%
Magic:  8/8        EV:  4    Int: 11    God:    Okawaru [*.....]
Gold:   229        SH:  0    Dex: 26    Spells: 6/6 levels left

rFire   . . .        a - +1 shortbow
rCold   . . .        (shield currently unavailable)
rNeg    . . .        c - +0 robe
rPois   .            (helmet restricted)
rElec   .            m - +0 cloak
rCorr   .            (gloves unavailable)
SInv    +            (boots unavailable)
Will    +....        (no amulet)
Stlth   ++           e - +6 ring of dexterity
HPRegen 0.25/turn    (no ring)
MPRegen 0.11/turn

%: no passive effects
@: sleeping, very quick
A: very small, no large weapons, unfitting armour, see invisible, speed 3
a: Renounce Religion, Heroism


You were on level 6 of the Dungeon.
You worshipped Okawaru.
Okawaru was aware of your devotion.
You visited 2 branches of the dungeon, and saw 7 of its levels.

You collected 229 gold pieces.


Innate Abilities, Weirdness & Mutations

You are very small and have problems with some larger weapons.
You are too small for most types of armour.
You have supernaturally acute eyesight. (SInv)
You cover ground extremely quickly. (Speed+++)


   Skills:
 - Level 2.0 Fighting
 + Level 6.6 Ranged Weapons
 - Level 7.1 Dodging
 - Level 1.5 Stealth
 + Level 0.0 Invocations


You had 6 spell levels left.
You didn't know any spells.
Your spell library was empty.

Inventory:

Hand Weapons
 a - a +1 shortbow (weapon)
Armour
 c - a +0 robe (worn)
 m - a +0 cloak (worn)
Jewellery
 e - a +6 ring of dexterity (left hand)
Wands
 d - a wand of paralysis (8)
 h - a wand of iceblast (1)
Scrolls
 g - a scroll of teleportation
Potions
 b - a potion of resistance {unknown}
 f - a potion of heal wounds
 i - a potion of attraction {unknown}
 j - a potion of degeneration {unknown}
 k - 3 potions of enlightenment
 l - a potion of curing {unknown}

Dungeon Overview and Level Annotations

Branches:
Dungeon (6/15)             Temple (1/1) D:4

Altars:
Ashenzari
Cheibriados
Dithmenos
Fedhas
Hepliaklqana
Kikubaaqudgha
Makhleb
Okawaru
Ru
Trog
Uskayaw
Vehumet
Wu Jian
Xom
Yredelemnul
Zin
The Shining One


Message History

You shoot an arrow. The arrow hits the sleepcap.
The sleepcap is moderately damaged.
The sleepcap misses you.
You shoot an arrow.
The arrow hits the sleepcap but does no damage.
The sleepcap is moderately damaged.
The sleepcap releases spores at you.
You are engulfed in a cloud of soporific spores!
You fall asleep.
The sleepcap releases spores at you!
You wake up.
You shoot an arrow. The arrow hits the sleepcap!
The sleepcap is severely damaged.
The sleepcap closely misses you.
You shoot an arrow. The arrow hits the sleepcap.
The sleepcap is severely damaged.
The sleepcap misses you.
You shoot an arrow. The arrow hits the sleepcap.
The sleepcap is almost destroyed.
The sleepcap completely misses you.
You shoot an arrow.
The arrow hits the sleepcap but does no damage.
The sleepcap is almost destroyed.
The sleepcap misses you.
You shoot an arrow.
The arrow completely misses the sleepcap.
The arrow hits the acid dragon!
The acid dragon is moderately wounded.
The sleepcap releases spores at you. The sleepcap closely misses you.
You shoot an arrow.
The arrow hits the sleepcap but does no damage.
The sleepcap is almost destroyed.
The sleepcap completely misses you.
You shoot an arrow.
The arrow hits the sleepcap but does no damage.
The sleepcap is almost destroyed.
The sleepcap releases spores at you!
You are engulfed in a cloud of soporific spores!
You fall asleep.
The sleepcap releases spores at you!
You die...

.................##
.....###.......##
#..##........###
#..............
#........##.###
#..###.### #.# ###
##.## #.# ##
.....####.## #.#
.......@fD# #.#
#...#####.## #.# #
#$.# #.# .........#
#.. .#.......#
#..###... #. ##..f
# .... ..##f


You could see an acid dragon and a sleepcap.

Vanquished Creatures
  2 scorpions (D:5)
  3 jellies (D:4)
  2 hounds
  Terence (D:2)
  An iguana (D:4)
  A statue (D:5)
  4 adders
  4 gnolls (D:4)
  A white imp (D:5)
  2 ufetubi (D:6)
  3 ribbon worms
  5 orcs
  6 ball pythons
  7 endoplasms
  6 giant cockroaches
  5 goblins
  5 hobgoblins
  7 jackals
  13 kobolds
  6 quokkas
  5 bats
  4 frilled lizards
  4 rats
97 creatures vanquished.

Notes
Turn   | Place    | Note
-------+----------+-------------------------------------------
     0 | D:1      | qw the Spriggan Hunter began the quest for the Orb.
     0 | D:1      | Reached XP level 1. HP: 10/10 MP: 2/2
     0 | D:1      | 0 ||| qw: Version: 0.3-a-155-g5e7d8dd
     0 | D:1      | 0 ||| qw: Game counter: 1494
     0 | D:1      | 0 ||| qw: Melee chars always use a shield: true
     0 | D:1      | 0 ||| qw: God list: Okawaru
     0 | D:1      | 0 ||| qw: Allow faded altars: false
     0 | D:1      | 0 ||| qw: Do Orc after clearing Dungeon:15 true
     0 | D:1      | 0 ||| qw: Do second Lair branch before Depths: true
     0 | D:1      | 0 ||| qw: Lair rune preference: random
     0 | D:1      | 0 ||| qw: Goals: Normal
     0 | D:1      | 0 ||| PLANNING D:1-11
    64 | D:1      | Reached skill level 3 in Dodging
    91 | D:1      | Reached XP level 2. HP: 12/14 MP: 3/3
   252 | D:1      | Reached skill level 4 in Dodging
   596 | D:1      | 596 ||| READING scroll labelled UFAHASHR QYFI.
   597 | D:1      | 597 ||| READING scroll labelled VOFREXT DIUSEA.
   598 | D:1      | 598 ||| READING scroll labelled QUIKHO KAE.
   599 | D:1      | 599 ||| READING scroll labelled GAB ENEOVO.
   700 | D:1      | 700 ||| READING scroll labelled TOLOB SUYF.
   701 | D:1      | 701 ||| DROPPING scroll of butterflies.
   756 | D:2      | Reached XP level 3. HP: 10/18 MP: 4/4
   984 | D:2      | 984 ||| READING 3 scrolls labelled XIMIC IGEYDUOHA.
   985 | D:2      | 985 ||| DROPPING 2 scrolls of immolation.
  1183 | D:2      | Noticed Terence
  1190 | D:2      | Killed Terence
  1191 | D:2      | Reached XP level 4. HP: 22/22 MP: 5/5
  1390 | D:2      | 1390 ||| READING scroll labelled NEARUI EMYDU.
  1390 | D:2      | 1390 ||| IDENTIFYING bubbling sapphire potion
  1391 | D:2      | 1391 ||| DRINKING 3 yellow potions.
  1522 | D:3      | Reached skill level 5 in Dodging
  1834 | D:3      | 1834 ||| READING scroll of identify.
  1834 | D:3      | 1834 ||| IDENTIFYING clear potion
  1835 | D:3      | 1835 ||| READING scroll labelled HARUMI DIPAUXO.
  1936 | D:3      | 1936 ||| READING scroll labelled FOUTAO SEWA.
  1937 | D:3      | 1937 ||| READING scroll labelled DUKKYGO MOENK.
  1940 | D:3      | 1940 ||| DROPPING potion of brilliance.
  2005 | D:4      | Reached XP level 5. HP: 20/26 MP: 6/6
  2182 | D:4      | 2182 ||| RETREEEEATING.
  2190 | D:4      | Reached skill level 6 in Ranged Weapons
  2207 | D:4      | Reached XP level 6. HP: 9/30 MP: 7/7
  2324 | D:4      | Found a staircase to the Ecumenical Temple.
  2325 | D:4      | 2325 ||| PLANNING TEMPLE
  2325 | D:4      | 2325 ||| UPGRADING to +6 ring of dexterity.
  2326 | D:4      | 2326 ||| DROPPING +6 ring of intelligence.
  2327 | D:4      | 2327 ||| READING scroll labelled LOYWAA IZAV.
  2328 | D:4      | 2328 ||| READING scroll labelled MIRRAS XEO.
  2328 | D:4      | 2328 ||| ENCHANTING +0 shortbow.
  2329 | D:4      | 2329 ||| READING scroll labelled KUDALI GIXZU.
  2329 | D:4      | 2329 ||| ENCHANTING +0 shortbow.
  2344 | Temple   | Entered the Ecumenical Temple
  2345 | Temple   | 2345 ||| PLANNING OKAWARU WORSHIP
  2352 | Temple   | Became a worshipper of Warmaster Okawaru
  2353 | Temple   | 2353 ||| PLANNING D:1-11
  2424 | D:4      | Reached skill level 6 in Dodging
  2464 | D:5      | Entered Level 5 of the Dungeon
  2702 | D:5      | Found a bloodstained altar of Trog.
  2702 | D:5      | Found a hide-covered altar of Uskayaw.
  2703 | D:5      | Found a burning altar of Makhleb.
  2877 | D:5      | Found a radiant altar of Vehumet.
  2918 | D:5      | Reached skill level 7 in Dodging
  3516 | D:5      | 3516 ||| UPGRADING to +0 cloak.
  3521 | D:5      | 3521 ||| DRINKING 2 fuming emerald potions.
  3552 | D:5      | 3552 ||| DROPPING potion of lignification.
  3575 | D:6      | Noticed an acid dragon
  3576 | D:6      | 3576 ||| ZAPPING wand of paralysis (9) at 6,7 (acid dragon;
                  | floor).
  3581 | D:6      | 3581 ||| RETREEEEATING.
  3584 | D:6      | 3584 ||| RETREEEEATING.
  3585 | D:6      | 3585 ||| RETREEEEATING.
  3599 | D:6      | Reached * piety under Okawaru
  3600 | D:6      | Reached XP level 7. HP: 30/35 MP: 8/8
  3610 | D:6      | Slain by a sleepcap

Levels and vault maps discovered:
D:1:      spicycebolla_arrival_ecumenical, layout_basic
D:2:      layout_loops_ring, uniq_terence
D:3:      layout_rooms, minivault_26, minmay_goblin_kobold_house
D:4:      layout_rooms, minmay_temple_entry_overgrown
D:5:      layout_basic, vehumet_statue, gammafunk_temple_overflow_forgotten
D:6:      layout_layer_cave, mainiacjoe_overflow_catwalk
Temple:   hellmonk_temple_forest_ring

Skill      XL: |  1  2  3  4  5  6 |
---------------+-------------------+-----
Dodging        | 3 4 5 7 |  7.1
Ranged Weapons | 5 6 |  6.6
Fighting       | 2 |  2.0
Stealth        | |  1.5

Action                     |  1- 3 |  4- 6 |  7- 9 || total
---------------------------+-------+-------+-------++-------
   Fire: Shortbow          |    96 |   227 |     9 ||   332
  Evoke: Wand              |       |     1 |       ||     1
    Use: Scroll            |     6 |     8 |       ||    14
         Potion            |       |     2 |       ||     2
 Armour: Robe              |     9 |    19 |     5 ||    33
  Dodge: Dodged            |    62 |   108 |     7 ||   177

Table legend:
 A = Non-vault XP
 B = Vault XP
 C = Vault XP percentage of total XP
 D = Non-vault monster count
 E = Vault monster count
 F = Vault count percentage of total count
                 A         B        C        D         E       F
            +---------+---------+-------+---------+---------+-------
      Total |     681 |      75 |   9.9 |      90 |       7 |   7.2
            +---------+---------+-------+---------+---------+-------
        D:1 |      27 |       0 |   0.0 |      16 |       0 |   0.0
        D:2 |      73 |      36 |  33.0 |      21 |       1 |   4.5
        D:3 |      47 |       7 |  13.0 |      24 |       5 |  17.2
        D:4 |     282 |       0 |   0.0 |      19 |       0 |   0.0
        D:5 |     196 |      32 |  14.0 |       7 |       1 |  12.5
        D:6 |      56 |       0 |   0.0 |       3 |       0 |   0.0
            +---------+---------+-------+---------+---------+-------
